| TOP OF THE 1ST |
|
Hartford Yard Goats batting - Pitching for Great Lakes Loons : RHP Servaas Morrow
|
|
Pitching: RHP Servaas Morrow
|
|
|
Batting: SHB Eddie Quinones
|
0-0: Ball 1-0: TRIPLE (Flyball, 78XD, EV 105.6 MPH)
|
|
Batting: SHB Jon Munoz
|
0-0: Ground out 6-3 (Groundball, 6, EV 105.6 MPH) Eddie Quinones scores
|
|
Batting: LHB Jeremy Brammer
|
0-0: Fly out, F8 (Flyball, 8LS, EV 80.0 MPH)
|
|
Batting: RHB Justin Williams
|
0-0: Ball 1-0: Foul Ball, location: 2F 1-1: Swinging Strike 1-2: Strikes out swinging
|
| Top of the 1st over - 1 run, 1 hit, 0 errors, 0 left on base; Hartford 1 - Great Lakes 0 |
| BOTTOM OF THE 1ST |
|
Great Lakes Loons batting - Pitching for Hartford Yard Goats : LHP Randy Rowland
|
|
Pitching: LHP Randy Rowland
|
|
|
Batting: RHB Ken Jenkins
|
0-0: Ball 1-0: SOLO HOME RUN (Flyball, 78XD, EV 101.2 MPH), Distance : 405 ft
|
|
Batting: RHB Jerry Sanchez
|
0-0: Ground out 6-3 (Groundball, 6, EV 88.1 MPH)
|
|
Batting: RHB Mike Sims
|
0-0: DOUBLE (Flyball, 8LXD, EV 110.0 MPH)
|
|
Batting: LHB Alberto Chavez
|
0-0: Swinging Strike 0-1: SINGLE (Groundball, 6MD, EV 103.1 MPH) Mike Sims to third Runner from 3rd tries for Home, SAFE, throw by CF to home
|
|
Batting: RHB Jayden Copeland
|
0-0: Called Strike 0-1: Ball 1-1: Ball 2-1: Swinging Strike 2-2: Fielders Choice at 2nd, 3-6 (Groundball, 34S, EV 87.5 MPH)
|
|
Batting: LHB Chris Barrera
|
0-0: Ball 1-0: Ground out 4-3 (Groundball, 4, EV 106.9 MPH)
|
| Bottom of the 1st over - 2 runs, 3 hits, 0 errors, 1 left on base; Hartford 1 - Great Lakes 2 |
| TOP OF THE 2ND |
|
Hartford Yard Goats batting - Pitching for Great Lakes Loons : RHP Servaas Morrow
|
|
Batting: SHB Pete Perla
|
0-0: Called Strike 0-1: Foul Ball, location: 2F 0-2: Ball 1-2: Ground out U3 (Groundball, 3S, EV 91.2 MPH)
|
|
Batting: RHB Kian-tat Chen
|
0-0: Ball 1-0: Ball 2-0: Ball 3-0: Base on Balls
|
|
Batting: RHB Eric Garrett
|
0-0: Ball Kian-tat Chen is caught stealing 2nd base 2-4 1-0: Foul Ball, location: 2F 1-1: Foul Ball, location: 2F 1-2: Ball 2-2: Foul Ball, location: 2F 2-2: SINGLE (Groundball, 6M, EV 105.0 MPH) (infield hit)
|
|
Batting: LHB Eddie Gonzalez
|
0-0: Called Strike Eric Garrett steals 2nd base 0-1: Called Strike 0-2: Ball 1-2: Strikes out looking
|
| Top of the 2nd over - 0 runs, 1 hit, 0 errors, 1 left on base; Hartford 1 - Great Lakes 2 |
| BOTTOM OF THE 2ND |
|
Great Lakes Loons batting - Pitching for Hartford Yard Goats : LHP Randy Rowland
|
|
Batting: RHB Ashton Crenshaw
|
0-0: Called Strike 0-1: Ball 1-1: Called Strike 1-2: Ball 2-2: Strikes out swinging
|
|
Batting: RHB Sean Tanner
|
0-0: Swinging Strike 0-1: Ball 1-1: Fly out, F8 (Line Drive, 8RD, EV 105.6 MPH)
|
|
Batting: RHB Santos Guadalupe
|
0-0: Ball 1-0: Ball 2-0: Fly out, F8 (Flyball, 8RD, EV 91.2 MPH)
|
| Bottom of the 2nd over - 0 runs, 0 hits, 0 errors, 0 left on base; Hartford 1 - Great Lakes 2 |
| TOP OF THE 3RD |
|
Hartford Yard Goats batting - Pitching for Great Lakes Loons : RHP Servaas Morrow
|
|
Batting: RHB Randy Breitbart
|
0-0: Ground out 6-3 (Groundball, 6, EV 85.6 MPH)
|
|
Batting: SHB Eddie Quinones
|
0-0: Swinging Strike 0-1: Fly out, F7 (Flyball, 7S, EV 88.8 MPH)
|
|
Batting: SHB Jon Munoz
|
0-0: Swinging Strike 0-1: Foul Ball, location: 2F 0-2: Ball 1-2: Strikes out looking
|
| Top of the 3rd over - 0 runs, 0 hits, 0 errors, 0 left on base; Hartford 1 - Great Lakes 2 |
| BOTTOM OF THE 3RD |
|
Great Lakes Loons batting - Pitching for Hartford Yard Goats : LHP Randy Rowland
|
|
Batting: RHB Ken Jenkins
|
0-0: Foul Ball, location: 2F 0-1: Swinging Strike 0-2: Ball 1-2: Ball 2-2: Foul Ball, location: 2F 2-2: Ball 3-2: Strikes out looking
|
|
Batting: RHB Jerry Sanchez
|
0-0: Ball 1-0: SINGLE (Groundball, 6MD, EV 101.9 MPH)
|
|
Batting: RHB Mike Sims
|
0-0: Called Strike 0-1: Foul Ball, location: 2F 0-2: Ball 1-2: Ball 2-2: Foul Ball, location: 2F 2-2: SINGLE (Flyball, 3D, EV 87.5 MPH) Jerry Sanchez to second
|
|
Batting: LHB Alberto Chavez
|
0-0: Ball 1-0: Ball 2-0: Called Strike Jerry Sanchez steals 3rd base Mike Sims to second 2-1: Ball 3-1: Fly out, F8 (Line Drive, 8RD, EV 88.8 MPH) Runner from 3rd tags up, OUT at HOME! 8-2
|
| Bottom of the 3rd over - 0 runs, 2 hits, 0 errors, 1 left on base; Hartford 1 - Great Lakes 2 |
| TOP OF THE 4TH |
|
Hartford Yard Goats batting - Pitching for Great Lakes Loons : RHP Servaas Morrow
|
|
Batting: LHB Jeremy Brammer
|
0-0: Ball 1-0: Ball 2-0: Ball 3-0: Base on Balls
|
|
Batting: RHB Justin Williams
|
0-0: Ball 1-0: Ball 2-0: Called Strike Jeremy Brammer steals 2nd base (no throw) 2-1: Ball 3-1: Reached on error, E5 (Groundball, 56S, EV 85.0 MPH) Jeremy Brammer to third
|
|
Batting: SHB Pete Perla
|
0-0: Ball 1-0: Foul Ball, location: 2F 1-1: Ball Wild Pitch! Jeremy Brammer scores Justin Williams to second 2-1: Foul Ball, location: 2F 2-2: Strikes out swinging
|
|
Batting: RHB Kian-tat Chen
|
0-0: Swinging Strike 0-1: Called Strike 0-2: Ball 1-2: Foul Ball, location: 2F 1-2: Reached on error, E3 (Groundball, 34, EV 83.8 MPH) Justin Williams to third
|
|
Batting: RHB Eric Garrett
|
0-0: Ball Kian-tat Chen steals 2nd base 1-0: Ball 2-0: Foul Ball, location: 2F 2-1: DOUBLE (Groundball, 5L, EV 111.2 MPH) Justin Williams scores Kian-tat Chen scores
|
|
Batting: LHB Eddie Gonzalez
|
0-0: Swinging Strike 0-1: Ball 1-1: Ball 2-1: SINGLE (Flyball, 4D, EV 84.4 MPH) Eric Garrett to third
|
|
Batting: RHB Randy Breitbart
|
0-0: Ball 1-0: Called Strike 1-1: Ball 2-1: Ball Eddie Gonzalez steals 2nd base 3-1: Ground out U3 (Groundball, 34S, EV 83.8 MPH)
|
|
Batting: SHB Eddie Quinones
|
0-0: Ball 1-0: Ball 2-0: Foul Ball, location: 2F 2-1: Fly out, F9 (Flyball, 9, EV 89.4 MPH)
|
| Top of the 4th over - 3 runs, 2 hits, 2 errors, 2 left on base; Hartford 4 - Great Lakes 2 |
| BOTTOM OF THE 4TH |
|
Great Lakes Loons batting - Pitching for Hartford Yard Goats : LHP Randy Rowland
|
|
Batting: RHB Jayden Copeland
|
0-0: Ball 1-0: Ball 2-0: Ball 3-0: Foul Ball, location: 2F 3-1: Base on Balls
|
|
Batting: LHB Chris Barrera
|
0-0: Ball 1-0: Ball 2-0: SINGLE (Flyball, 89S, EV 92.5 MPH) Jayden Copeland to second Runner from 2nd tries for 3rd, OUT! 9-5
|
|
Batting: RHB Ashton Crenshaw
|
0-0: Ball 1-0: Foul Ball, location: 2F 1-1: Foul Ball, location: 2F 1-2: Ball 2-2: Ball 3-2: Fielders Choice at 2nd, 1-4 (Groundball, 15S, EV 69.4 MPH)
|
|
Batting: RHB Sean Tanner
|
0-0: Ball 1-0: Ball 2-0: Ball 3-0: Called Strike 3-1: Foul Ball, location: 2F 3-2: Strikes out swinging
|
| Bottom of the 4th over - 0 runs, 1 hit, 0 errors, 1 left on base; Hartford 4 - Great Lakes 2 |
| TOP OF THE 5TH |
|
Hartford Yard Goats batting - Pitching for Great Lakes Loons : RHP Servaas Morrow
|
|
Batting: SHB Jon Munoz
|
0-0: Called Strike 0-1: Ball 1-1: Swinging Strike 1-2: Ball 2-2: TRIPLE (Line Drive, 89XD, EV 99.4 MPH)
|
|
Batting: LHB Jeremy Brammer
|
0-0: Called Strike 0-1: Ground out 4-3 (Groundball, 34, EV 86.2 MPH)
|
|
Batting: RHB Justin Williams
|
0-0: Ball 1-0: Ball 2-0: Called Strike 2-1: Ball 3-1: DOUBLE (Line Drive, 9LM, EV 91.9 MPH) Jon Munoz scores
|
|
Batting: SHB Pete Perla
|
0-0: Intentional Walk
|
|
Batting: RHB Kian-tat Chen
|
0-0: Ball 1-0: Ball 2-0: Foul Ball, location: 2F 2-1: Foul Ball, location: 2F 2-2: Fly out, F8 (Flyball, 89XD, EV 101.2 MPH)
|
|
Batting: RHB Eric Garrett
|
0-0: Ball 1-0: Ground out 4-3 (Groundball, 4, EV 101.2 MPH)
|
| Top of the 5th over - 1 run, 2 hits, 0 errors, 2 left on base; Hartford 5 - Great Lakes 2 |
| BOTTOM OF THE 5TH |
|
Great Lakes Loons batting - Pitching for Hartford Yard Goats : LHP Randy Rowland
|
|
Batting: RHB Santos Guadalupe
|
0-0: Ball 1-0: Foul Ball, location: 2F 1-1: Swinging Strike 1-2: Ball 2-2: DOUBLE (Line Drive, 7LM, EV 99.4 MPH)
|
|
Batting: RHB Ken Jenkins
|
0-0: Ball 1-0: Foul Ball, location: 2F 1-1: Swinging Strike 1-2: SINGLE (Groundball, 6MS, EV 65.6 MPH) (infield hit) Santos Guadalupe to third
|
|
Batting: RHB Jerry Sanchez
|
0-0: Ground out U3 (Groundball, 3S, EV 62.5 MPH) Santos Guadalupe scores Ken Jenkins to second
|
|
Batting: RHB Mike Sims
|
0-0: Ball 1-0: Called Strike 1-1: Ball 2-1: Ball 3-1: Foul Ball, location: 2F 3-2: Ground out 6-3 (Groundball, 6D, EV 99.4 MPH)
|
|
Batting: LHB Alberto Chavez
|
0-0: Called Strike 0-1: Ball 1-1: Ground out 5-3 (Groundball, 56, EV 98.8 MPH)
|
| Bottom of the 5th over - 1 run, 2 hits, 0 errors, 1 left on base; Hartford 5 - Great Lakes 3 |
| TOP OF THE 6TH |
|
Hartford Yard Goats batting - Pitching for Great Lakes Loons : RHP Servaas Morrow
|
|
Batting: LHB Eddie Gonzalez
|
0-0: Called Strike 0-1: Foul Ball, location: 2F 0-2: Ground out 4-3 (Groundball, 34, EV 104.4 MPH)
|
|
Pitching: RHP Bobby Primaticcio
|
|
|
Batting: RHB Randy Breitbart
|
0-0: Swinging Strike 0-1: Ball 1-1: Fly out, F9 (Flyball, 9, EV 80.6 MPH)
|
|
Batting: SHB Eddie Quinones
|
0-0: Called Strike 0-1: Foul Ball, location: 2F 0-2: Ball 1-2: Ground out 3-1 (Groundball, 34S, EV 86.9 MPH)
|
| Top of the 6th over - 0 runs, 0 hits, 0 errors, 0 left on base; Hartford 5 - Great Lakes 3 |
| BOTTOM OF THE 6TH |
|
Great Lakes Loons batting - Pitching for Hartford Yard Goats : LHP Randy Rowland
|
|
Batting: RHB Jayden Copeland
|
0-0: Ball 1-0: Foul Ball, location: 2F 1-1: Fly out, F4 (Flyball, 4D, EV 90.6 MPH)
|
|
Batting: LHB Chris Barrera
|
0-0: Swinging Strike 0-1: Foul Ball, location: 2F 0-2: Ball 1-2: Ball 2-2: Strikes out swinging
|
|
Batting: RHB Ashton Crenshaw
|
0-0: Ball 1-0: Foul Ball, location: 2F 1-1: Swinging Strike 1-2: Ground out 5-3 (Groundball, 56, EV 98.8 MPH)
|
| Bottom of the 6th over - 0 runs, 0 hits, 0 errors, 0 left on base; Hartford 5 - Great Lakes 3 |
| TOP OF THE 7TH |
|
Hartford Yard Goats batting - Pitching for Great Lakes Loons : RHP Bobby Primaticcio
|
|
Batting: SHB Jon Munoz
|
0-0: SINGLE (Groundball, 34D, EV 102.5 MPH) (infield hit)
|
|
Batting: LHB Jeremy Brammer
|
0-0: Called Strike 0-1: Ball 1-1: Foul Ball, location: 2F 1-2: Ball 2-2: Strikes out swinging
|
|
Batting: RHB Justin Williams
|
0-0: Ball 1-0: Called Strike 1-1: Ball Jon Munoz steals 2nd base (no throw) 2-1: Ground out 6-3 (Groundball, 6, EV 88.8 MPH) Jon Munoz to third
|
|
Batting: SHB Pete Perla
|
0-0: Intentional Walk
|
|
Batting: RHB Kian-tat Chen
|
0-0: Ball 1-0: Ball 2-0: Ball 3-0: Base on Balls Pete Perla to second
|
|
Batting: RHB Eric Garrett
|
0-0: TRIPLE (Flyball, 89XD, EV 101.2 MPH) Jon Munoz scores Pete Perla scores Kian-tat Chen scores
|
|
Batting: LHB Eddie Gonzalez
|
0-0: Called Strike 0-1: Ball 1-1: SINGLE (Groundball, 34D, EV 98.1 MPH) Eric Garrett scores
|
|
Pitching: RHP Mark McDonald
|
|
|
Batting: RHB Randy Breitbart
|
0-0: Called Strike Eddie Gonzalez steals 2nd base (no throw) 0-1: Fly out, F7 (Line Drive, 7, EV 90.0 MPH)
|
| Top of the 7th over - 4 runs, 3 hits, 0 errors, 1 left on base; Hartford 9 - Great Lakes 3 |
| BOTTOM OF THE 7TH |
|
Great Lakes Loons batting - Pitching for Hartford Yard Goats : LHP Randy Rowland
|
|
Batting: RHB Sean Tanner
|
0-0: Called Strike 0-1: Ball 1-1: DOUBLE (Line Drive, 78M, EV 106.9 MPH)
|
|
Batting: RHB Santos Guadalupe
|
0-0: Swinging Strike 0-1: Called Strike 0-2: Strikes out looking
|
|
Batting: RHB Ken Jenkins
|
0-0: Ball 1-0: Ball 2-0: Ground out 6-3 (Groundball, 6, EV 88.8 MPH)
|
|
Batting: RHB Jerry Sanchez
|
0-0: Called Strike 0-1: Ball 1-1: Ground out 4-3 (Groundball, 4M, EV 87.5 MPH)
|
| Bottom of the 7th over - 0 runs, 1 hit, 0 errors, 1 left on base; Hartford 9 - Great Lakes 3 |
| TOP OF THE 8TH |
|
Hartford Yard Goats batting - Pitching for Great Lakes Loons : RHP Mark McDonald
|
|
Batting: SHB Eddie Quinones
|
0-0: SINGLE (Popup, 5D, EV 70.6 MPH)
|
|
Batting: SHB Jon Munoz
|
0-0: Ball 1-0: Ball 2-0: Called Strike Eddie Quinones steals 2nd base (no throw) 2-1: Ball 3-1: Base on Balls
|
|
Batting: LHB Jeremy Brammer
|
0-0: Fly out, F8 (Flyball, 8RD, EV 85.6 MPH)
|
|
Batting: RHB Justin Williams
|
0-0: Ball 1-0: Foul Ball, location: 2F 1-1: Fielders Choice at 2nd, 5-4 (Groundball, 56D, EV 105.6 MPH) Eddie Quinones to third
|
|
Now at 2B: Jerry Sanchez
|
|
|
Now in LF: Jeremy Beltron
|
|
|
Batting: SHB Pete Perla
|
0-0: Ball 1-0: Ball 2-0: Called Strike 2-1: Called Strike 2-2: Ball 3-2: Strikes out swinging
|
| Top of the 8th over - 0 runs, 1 hit, 0 errors, 2 left on base; Hartford 9 - Great Lakes 3 |
| BOTTOM OF THE 8TH |
|
Great Lakes Loons batting - Pitching for Hartford Yard Goats : LHP Randy Rowland
|
|
Pitching: RHP Joe Goodale
|
|
|
Batting: RHB Jeremy Beltron
|
0-0: Ball 1-0: Called Strike 1-1: Ground out 6-3 (Groundball, 6M, EV 86.9 MPH)
|
|
Batting: LHB Alberto Chavez
|
0-0: Swinging Strike 0-1: Ball 1-1: Foul Ball, location: 2F 1-2: Ball 2-2: Ball 3-2: Foul Ball, location: 2F 3-2: Foul Ball, location: 2F 3-2: Foul Ball, location: 2F 3-2: Fly out, F8 (Flyball, 8LXD, EV 91.9 MPH)
|
|
Batting: RHB Jayden Copeland
|
0-0: Ball 1-0: Called Strike 1-1: Ball 2-1: Fly out, F7 (Line Drive, 7LS, EV 100.0 MPH)
|
| Bottom of the 8th over - 0 runs, 0 hits, 0 errors, 0 left on base; Hartford 9 - Great Lakes 3 |
| TOP OF THE 9TH |
|
Hartford Yard Goats batting - Pitching for Great Lakes Loons : RHP Mark McDonald
|
|
Batting: RHB Kian-tat Chen
|
0-0: Called Strike 0-1: Swinging Strike 0-2: Ground out 6-3 (Groundball, 6, EV 103.1 MPH)
|
|
Batting: RHB Eric Garrett
|
0-0: Called Strike 0-1: Ball 1-1: Foul Ball, location: 2F 1-2: Ball 2-2: Foul Ball, location: 2F 2-2: DOUBLE (Flyball, 8LXD, EV 103.8 MPH)
|
|
Batting: LHB Eddie Gonzalez
|
0-0: Hit by Pitch
|
|
Batting: RHB Randy Breitbart
|
0-0: Ball 1-0: Swinging Strike 1-1: Foul Ball, location: 2F 1-2: Hit by Pitch Eric Garrett to third Eddie Gonzalez to second
|
|
Batting: SHB Eddie Quinones
|
0-0: Called Strike 0-1: Swinging Strike 0-2: Ball 1-2: Fly out, F2 (Popup, 13S, EV 76.9 MPH)
|
|
Batting: SHB Jon Munoz
|
0-0: Ball 1-0: Called Strike 1-1: Called Strike 1-2: Ball 2-2: Foul Ball, location: 2F 2-2: Strikes out swinging
|
| Top of the 9th over - 0 runs, 1 hit, 0 errors, 3 left on base; Hartford 9 - Great Lakes 3 |
| BOTTOM OF THE 9TH |
|
Great Lakes Loons batting - Pitching for Hartford Yard Goats : RHP Joe Goodale
|
|
Batting: LHB Chris Barrera
|
0-0: Fly out, F7 (Flyball, 7, EV 96.9 MPH)
|
|
Batting: RHB Ashton Crenshaw
|
0-0: Foul Ball, location: 2F 0-1: Ball 1-1: Called Strike 1-2: Foul Ball, location: 2F 1-2: Ball 2-2: Ball 3-2: Strikes out swinging
|
|
Pitching: LHP Ryan Morlan
|
|
|
Batting: RHB Sean Tanner
|
0-0: Foul Ball, location: 2F 0-1: Ball 1-1: Ball 2-1: Ball 3-1: Called Strike 3-2: Base on Balls
|
|
Batting: RHB Santos Guadalupe
|
0-0: Ball 1-0: Foul Ball, location: 2F 1-1: Ball 2-1: Fly out, F3 (Line Drive, 3, EV 64.4 MPH)
|
| Bottom of the 9th over - 0 runs, 0 hits, 0 errors, 1 left on base; Hartford 9 - Great Lakes 3 |
|